 Dungeon Crawl Stone Soup version 0.30.1-8-g117510f58f (webtiles) character file.

Game seed: 4719245635302378894

97 monsoonserge the Slasher (level 4, 0/36 HPs)
             Began as a Demonspawn Monk on Sept 23, 2023.
             Slain by Crazy Yiuf
             ... wielding a +2 quarterstaff of chaos
              (10 damage)
             ... on level 2 of the Dungeon.
             The game lasted 00:04:33 (2211 turns).

monsoonserge the Slasher (Demonspawn Monk)          Turns: 2211, Time: 00:04:35

Health: 0/36       AC:  6    Str: 11    XL:     4   Next: 42%
Magic:  4/4        EV:  7    Int: 11    God:
Gold:   102        SH: 14    Dex: 18    Spells: 3/3 levels left

rFire   . . .        a - +0 falchion
rCold   . . .        i - +2 kite shield
rNeg    . . .        p - +0 scale mail
rPois   .            (no helmet)
rElec   .            (no cloak)
rCorr   .            (no gloves)
SInv    .            (no boots)
Will    .....        (no amulet) Stlth
                     (no ring)
HPRegen 0.26/turn    (no ring)
MPRegen 0.18/turn

%: no passive effects
@: no status effects
A: large bone plates 1, magic regeneration
a: no special abilities


You were on level 2 of the Dungeon.
You visited 1 branch of the dungeon, and saw 2 of its levels.

You collected 102 gold pieces.

Inventory:

Hand Weapons
 a - a +0 falchion (weapon)
 g - a +0 short sword
Missiles
 h - 6 poisoned darts (quivered)
Armour
 b - a +0 robe
 i - a +2 kite shield (worn)
 o - a +0 ring mail
 p - a +0 scale mail (worn)
Wands
 d - a wand of mindburst (12)
Scrolls
 e - 2 scrolls of amnesia {unknown}
 l - a scroll of poison {unknown}
 m - 2 scrolls of identify {unknown}
 n - a scroll of immolation {unknown}
 q - a scroll of blinking {unknown}
Potions
 c - a potion of ambrosia
 f - a potion of curing {unknown}
 j - a potion of heal wounds {unknown}
 k - 3 potions of mutation {unknown}


   Skills:
 + Level 3.6 Fighting
 + Level 3.7 Long Blades
 + Level 0.2 Armour
 + Level 3.4 Dodging


You had 3 spell levels left.
You didn't know any spells.
Your spell library contained the following spells:

 Spells                   Type           Power      Damage    Failure   Level
 Magic Dart               Conj           0%         1d3       100%        1
 Sandblast                Erth           0%         2d4       100%        1
 Call Imp                 Summ           0%         N/A       100%        2
 Passwall                 Tmut/Erth      0%         N/A       100%        2
 Gell's Gravitas          Tloc           0%         N/A       100%        3
 Mephitic Cloud           Conj/Pois/Air  0%         N/A       100%        3
 Stone Arrow              Conj/Erth      0%         3d7       100%        3
 Teleport Other           Tloc           0%         N/A       100%        3
 Dispersal                Tloc           0%         N/A       100%        6


Dungeon Overview and Level Annotations

Branches:
Dungeon (2/15)

Altars:

Shops:
D:2 =

Annotations:
D:2 Crazy Yiuf


Innate Abilities, Weirdness & Mutations

You are partially covered in large bone plates. (SH +4)
You regenerate magic rapidly.


Message History

The dart slug is almost dead.
You block the dart slug's attack.
You hit the dart slug.
You kill the dart slug!
You now have 91 gold pieces (gained 10).
You now have 102 gold pieces (gained 11).
q - a scroll labelled DOITHI DENA A giant cockroach comes into view.
You hit the giant cockroach.
The giant cockroach is almost dead.
You block the giant cockroach's attack.
You hit the giant cockroach.
You kill the giant cockroach!
Crazy Yiuf shouts!
You open the door. You closely miss Crazy Yiuf.
Crazy Yiuf hits you with a +2 quarterstaff of chaos!
Crazy Yiuf freezes you.
You hit Crazy Yiuf.
Crazy Yiuf is moderately wounded.
You block Crazy Yiuf's attack.
You hit Crazy Yiuf but do no damage.
Crazy Yiuf is moderately wounded.
Crazy Yiuf zaps a wand.
The puff of flame hits you.
The now-empty wand crumbles to dust.
Crazy Yiuf twirls on the spot.
Crazy Yiuf closely misses you.
You hit Crazy Yiuf.
Crazy Yiuf is heavily wounded.
You block Crazy Yiuf's attack.
You hit Crazy Yiuf but do no damage.
Crazy Yiuf is heavily wounded.
You block Crazy Yiuf's attack.
You closely miss Crazy Yiuf.
Crazy Yiuf is heavily wounded.
Crazy Yiuf hits you with a +2 quarterstaff of chaos!
Crazy Yiuf freezes you.
* * * LOW HITPOINT WARNING * * *
Crazy Yiuf hits you with a +2 quarterstaff of chaos!
You die...

.........................#
#...
.##.....#....#############
##.. ..............# #..
.####...####### #.. ##
###<# #.. # ### #.. #
####♣♣ ### #.†
#######.#..♣♣ ♣♣#..)# ##..
....##......♣♣♣♣@g...#
#...
.............♣..♣#...#
######...
###.#####...♣.♣♣♣ ###
#........ # #.# ##♣♣♣♣♣
#.##.#... ###.# #.##.#...
..#.# ### #.##.####
#.#.#####.####### #.##.#
#.........##....# #.##.#
#.#.########.##.# #.##.#


You could see Crazy Yiuf.

Vanquished Creatures
  Terence (D:2)
  2 adders (D:2)
  A worm (D:2)
  2 dart slugs (D:2)
  An orc (D:2)
  2 endoplasms (D:1)
  4 giant cockroaches
  4 goblins
  4 hobgoblins
  4 jackals
  A quokka (D:1)
  4 ball pythons
  7 bats
  3 frilled lizards
  3 kobolds
  A rat (D:1)
44 creatures vanquished.

Notes
Turn   | Place    | Note
-------+----------+-------------------------------------------
     0 | D:1      | monsoonserge the Demonspawn Monk began the quest for the
                  | Orb.
     0 | D:1      | Reached XP level 1. HP: 18/18 MP: 1/1
   173 | D:1      | Gained mutation: You are partially covered in large bone
                  | plates. (SH +4) [demonic ancestry]
   173 | D:1      | Reached XP level 2. HP: 19/24 MP: 2/2
   848 | D:1      | Found a faded altar of an unknown god.
  1173 | D:2      | Reached XP level 3. HP: 28/29 MP: 3/3
  1752 | D:2      | Found a runed translucent door.
  1753 | D:2      | Noticed Crazy Yiuf
  1797 | D:2      | Gained mutation: You regenerate magic rapidly. [demonic
                  | ancestry]
  1797 | D:2      | Reached XP level 4. HP: 35/35 MP: 4/4
  1798 | D:2      | Found Zihur's Jewellery Emporium.
  1896 | D:2      | Noticed Terence
  1909 | D:2      | Killed Terence
  2211 | D:2      | Slain by Crazy Yiuf

Illustrated notes

Levels and vault maps discovered:
D:1:      lemuel_arrival_behind_the_door_small, layout_loops_corners,
          dreamdust_ecumenical_altar_grove, roderic_lattice_a
D:2:      layout_loops_ring, serial_shops, shop, uniq_crazy_yiuf_cottage,
          uniq_terence

Skill      XL: |  1  2 |
---------------+-------+-----
Long Blades    | 3 |  3.7
Dodging        | 3 |  3.4
Fighting       | |  3.6
Armour         | |  0.2

Action                     |  1- 3 |  4- 6 || total
---------------------------+-------+-------++-------
  Melee: Falchion          |   141 |    23 ||   164
 Armour: Robe              |    16 |       ||    16
         Ring mail         |    16 |     1 ||    17
         Scale mail        |       |     1 ||     1
  Dodge: Dodged            |    77 |     2 ||    79
  Block: Orb               |     6 |       ||     6
         Kite shield       |    68 |    12 ||    80
